 Dungeon Crawl Stone Soup version 0.30-a0-4-ga7cffc901d (webtiles) character file.

Game seed: 4918414662730751377

2242 SensoryNuts the Chopper (level 9, -2/66 HPs)
             Began as a Demonspawn Gladiator on Aug 21, 2022.
             Was an Initiate of Gozag.
             Slain by an ice beast (13 damage)
             ... on level 7 of the Dungeon.
             The game lasted 00:08:13 (6695 turns).

SensoryNuts the Chopper (Demonspawn Gladiator)      Turns: 6695, Time: 00:08:14

Health: -2/66      AC: 11    Str: 20    XL:     9   Next: 14%
Magic:  8/8        EV: 10    Int: 12    God:    Gozag
Gold:   2405       SH:  9    Dex:  7    Spells: 8/8 levels left

rFire   + . .      SeeInvis +    a - +0 war axe
rCold   x . .      Faith    .    r - +2 kite shield
rNeg    . . .      Spirit   .    k - +1 ring mail "Wobleol" {Regen+ Dex-5 SInv}
rPois   +          Reflect  .    c - +0 helmet
rElec   .          Harm     .    p - +0 cloak
rCorr   .          Rampage  .    (no gloves)
Will    .....                    (no boots)
Stlth   +.........               (no amulet)
HPRegen 1.01/turn                j - ring "Cazxesm" {Fire rPois Int+3 Dex-2 Slay+3}
MPRegen 0.11/turn                (no ring)

@: marked, hasted, very quick
A: powered by death 1, sharp scales 2, demonic touch 1, deterioration 1, low MP
1
a: Renounce Religion, Potion Petition, Call Merchant, Bribe Branch


You were on level 7 of the Dungeon.
You worshipped Gozag.
Gozag was most pleased with you.
You visited 2 branches of the dungeon, and saw 8 of its levels.

You collected 2526 gold pieces.
You paid 121 gold pieces to Gozag.

Inventory:

Hand Weapons
 a - a +0 war axe (weapon)
Missiles
 d - 4 throwing nets (quivered)
 e - a javelin
Armour
 c - a +0 helmet (worn)
 k - the +1 ring mail "Wobleol" (worn) {Regen+ Dex-5 SInv}
   (You found it on level 5 of the Dungeon)

   Dex:       It affects your dexterity (-5).
   SInv:      It lets you see invisible.
   Regen:     It increases your rate of health regeneration.
 p - a +0 cloak (worn)
 r - a +2 kite shield (worn)
Jewellery
 j - the ring "Cazxesm" (left hand) {Fire rPois Int+3 Dex-2 Slay+3}
   (You found it on level 5 of the Dungeon)

   [ring of fire]

   It enhances your fire magic.
   Int:       It affects your intelligence (+3).
   Dex:       It affects your dexterity (-2).
   Slay:      It affects your accuracy & damage with ranged weapons and melee
   (+3).
   rF:        It protects you from fire.
   rC:        It makes you vulnerable to cold.
   rPois:     It protects you from poison.
 q - an amulet of guardian spirit
 s - a ring of positive energy
Wands
 g - a wand of quicksilver (14)
Scrolls
 b - a scroll of identify
 h - 2 scrolls of fear
 i - 2 scrolls of teleportation
 n - a scroll of poison
Potions
 f - 2 potions of attraction {unknown}
 l - 5 potions of curing {unknown}
 w - 2 potions of brilliance


   Skills:
 + Level 4.4 Fighting
 + Level 7.5 Axes
 + Level 1.8 Throwing
 + Level 4.0 Armour
 + Level 5.0 Dodging
 + Level 2.2 Stealth
 + Level 4.0 Shields


You had 8 spell levels left.
You didn't know any spells.
Your spell library contained the following spells:

 Spells                   Type           Power      Damage    Failure   Level
 Borgnjor's Vile Clutch   Necr/Erth      0%         N/A       100%        5
 Iskenderun's Battlesphe  Conj           0%         2d6       100%        5
 Death Channel            Necr           0%         N/A       100%        6
 Iron Shot                Conj/Erth      0%         9d1       100%        6
 Spellforged Servitor     Conj/Summ      0%         N/A       100%        7
 Animate Dead             Necr           Unusable   N/A       N/A         4

Dungeon Overview and Level Annotations

Branches:
Dungeon (7/15)             Temple (1/1) D:4

Altars:
Ashenzari
Cheibriados
Dithmenos
Fedhas
Gozag
Hepliaklqana
Kikubaaqudgha
Makhleb
Nemelex Xobeh
Okawaru
Qazlal
Ru
Sif Muna
Trog
Uskayaw
Vehumet
Wu Jian
Xom
Yredelemnul

Annotations:
D:7 Pikel


Innate Abilities, Weirdness & Mutations

You regenerate a little health from kills.
You are mostly covered in razor-sharp scales. (AC +2, Slay +2)
Your touch may inflict minor irresistible damage on your foes.
Your body sometimes deteriorates upon taking damage.
Your magical capacity is low. (-10% MP)


Message History

The lemure barely misses you. The lemure closely misses you.
You barely miss Pikel.
Pikel is severely wounded.
You closely miss the lemure. You hit the ice beast. You hit the lemure.
Pikel barely misses you.
The ice beast hits you but does no damage.
The lemure hits you but does no damage. The lemure barely misses you.
Unknown command.
You hit Pikel.
Pikel is severely wounded.
You barely miss the lemure. You slash the lemure!
You kill the lemure!
That felt strangely unrewarding.
You barely miss the ice beast. You block the ice beast's attack.
Pikel hits you with a +2 whip of freezing!
Pikel freezes you.
* * * LOW HITPOINT WARNING * * *
The lemure hits you but does no damage. The ice beast barely misses you.
The lemure hits you but does no damage. x2; Pikel barely misses you.
You barely miss Pikel.
Pikel is severely wounded.
You hit the ice beast but do no damage. You slash the lemure! x2
You block the ice beast's attack. The lemure hits you.
* * * LOW HITPOINT WARNING * * *
You block Pikel's attack. You block the lemure's attack.
Unknown command.
You feel yourself speed up. The ice beast barely misses you.
The lemure closely misses you.
Pikel hits you with a +2 whip of freezing.
* * * LOW HITPOINT WARNING * * *
Pikel freezes you.
* * * LOW HITPOINT WARNING * * *
You block the lemure's attack.
You closely miss Pikel.
Pikel is severely wounded.
You barely miss the ice beast.
You hit the lemure. x2; The ice beast hits you.
* * * LOW HITPOINT WARNING * * *
The ice beast freezes you!
You feel a terrible chill!
You die...
Your body crumbles into a pile of gold.

..# ......... ..#
......... ## ..#
......#.# . ###
......#.#######.# #
##.... #.......#.# #
#... #.###.....#
###.### #...#.#...#
.....)#######.#.#5D##
#####)##....#.#Y@55#
.....).........>#K.#
..........#.#.#.##.#
#####.#.....#.#.# ...
# #.......#.#.# ...
#####.#..⌠..#.#.#
#####
....#.......#...#
.(.# ....###.....#.#.
>.# ....# #####...#


You could see Pikel (strong), an acid dragon, an ice beast and 3 lemures.

Vanquished Creatures
  The ghost of Rohain the Zephyrmancer, a novice TeAE (D:5)
  Grinder (D:5)
  Sigmund (D:4)
  A water moccasin (D:5)
  Duvessa (D:6)
  2 sky beasts
  A black bear (D:6)
  The ghost of Thoth777 the Insei, an amateur MeTm (D:3)
  A lemure (D:7)
  2 kobold brigands
  2 scorpions (D:6)
  A wyvern skeleton (D:5)
  Dowan (D:6)
  A centaur zombie (D:5)
  A hound (D:6)
  A jelly (D:5)
  A centaur skeleton (D:5)
  2 orc priests (D:4)
  Crazy Yiuf (D:6)
  5 iguanas
  3 orc wizards
  2 gnolls (D:6)
  10 adders
  2 white imps
  2 ufetubi
  A worm (D:3)
  A dart slug (D:1)
  29 orcs
  7 ball pythons
  7 bats
  4 endoplasms
  5 giant cockroaches
  7 goblins
  5 hobgoblins
  5 jackals
  18 kobolds
  3 quokkas
  4 rats
143 creatures vanquished.

Notes
Turn   | Place    | Note
-------+----------+-------------------------------------------
     0 | D:1      | SensoryNuts the Demonspawn Gladiator began the quest for
                  | the Orb.
     0 | D:1      | Reached XP level 1. HP: 16/16 MP: 1/1
   255 | D:1      | Reached skill level 3 in Axes
   286 | D:1      | Gained mutation: Your touch may inflict minor irresistible
                  | damage on your foes. [demonic ancestry]
   286 | D:1      | Reached XP level 2. HP: 22/22 MP: 2/2
  1202 | D:2      | Gained mutation: You are partially covered in razor-sharp
                  | scales. (AC +1, Slay +1) [demonic ancestry]
  1202 | D:2      | Reached XP level 3. HP: 17/27 MP: 3/3
  1959 | D:3      | Found a runed translucent door.
  1961 | D:3      | Noticed Thoth777's ghost (amateur MeTm)
  1970 | D:3      | Gained mutation: You regenerate a little health from kills.
                  | [demonic ancestry]
  1970 | D:3      | Reached XP level 4. HP: 34/34 MP: 4/4
  2189 | D:3      | You fall into a shaft and drop 3 floors!
  2235 | D:6      | Reached skill level 1 in Armour
  2257 | D:6      | Noticed a scorpion
  2263 | D:6      | Killed a scorpion
  2264 | D:6      | Reached skill level 4 in Axes
  2264 | D:6      | Reached skill level 1 in Shields
  2264 | D:6      | Reached XP level 5. HP: 29/39 MP: 5/5
  2378 | D:6      | Gained mutation: You are mostly covered in razor-sharp
                  | scales. (AC +2, Slay +2) [demonic ancestry]
  2378 | D:6      | Reached XP level 6. HP: 21/47 MP: 6/6
  2630 | D:6      | Noticed a sky beast
  2641 | D:6      | Killed a sky beast
  2788 | D:6      | Reached skill level 1 in Stealth
  2788 | D:6      | Reached XP level 7. HP: 28/52 MP: 7/7
  3057 | D:5      | Entered Level 5 of the Dungeon
  3069 | D:5      | Reached skill level 5 in Axes
  3132 | D:5      | Identified the ring "Cazxesm" {Fire rPois Int+3 Dex-2
                  | Slay+3}
  3133 | D:5      | Noticed Sigmund
  3137 | D:5      | Identified the +1 ring mail "Wobleol" {Regen+ Dex-5 SInv}
  3162 | D:4      | Killed Sigmund
  3449 | D:3      | Found a hazy altar of Hepliaklqana.
  3668 | D:3      | Found a radiant altar of Vehumet.
  3672 | D:3      | Found a shadowy altar of Dithmenos.
  3675 | D:3      | Found a hide-covered altar of Uskayaw.
  3972 | D:3      | Found a faded altar of an unknown god.
  4179 | D:3      | Identified the +1 leather armour of Happy Babbling {rPois
                  | Will+ Str-3}
  4351 | D:3      | Killed Thoth777's ghost
  4467 | D:4      | Found a staircase to the Ecumenical Temple.
  4483 | Temple   | Entered the Ecumenical Temple
  4496 | Temple   | Became a worshipper of Gozag Ym Sagoz the Greedy
  4954 | D:4      | Reached skill level 6 in Axes
  4954 | D:4      | Reached XP level 8. HP: 50/59 MP: 8/8
  5485 | D:4      | Gained mutation: You expend magic power (3 MP) to
                  | strengthen your wands. [potion of mutation]
  5485 | D:4      | Gained mutation: Your body sometimes deteriorates upon
                  | taking damage. [potion of mutation]
  5485 | D:4      | Gained mutation: Your magical capacity is low. (-10% MP)
                  | [potion of mutation]
  5485 | D:4      | Gained mutation: You have supernaturally acute eyesight.
                  | (SInv) [potion of mutation]
  5486 | D:4      | Lost mutation: You have supernaturally acute eyesight.
                  | (SInv) [potion of mutation]
  5486 | D:4      | Lost mutation: You expend magic power (3 MP) to strengthen
                  | your wands. [potion of mutation]
  5701 | D:5      | Found a runed translucent gate.
  5701 | D:5      | Found a runed translucent gate.
  5701 | D:5      | Found a runed translucent gate.
  5746 | D:5      | Noticed Rohain's ghost (novice TeAE)
  5792 | D:5      | Noticed Grinder
  5810 | D:5      | Paralysed by Grinder for 3 turns
  5822 | D:5      | Killed Grinder
  5978 | D:5      | Killed Rohain's ghost
  5979 | D:5      | Reached skill level 7 in Axes
  6050 | D:6      | Noticed Dowan
  6052 | D:6      | Noticed Duvessa
  6089 | D:6      | Killed Duvessa
  6097 | D:6      | Killed Dowan
  6098 | D:6      | Reached XP level 9. HP: 61/66 MP: 8/8
  6134 | D:6      | Found a runed translucent door.
  6135 | D:6      | Noticed Crazy Yiuf
  6440 | D:6      | Reached skill level 5 in Dodging
  6471 | D:6      | Killed Crazy Yiuf
  6488 | D:6      | Identified 2 scrolls of acquirement
  6492 | D:6      | Acquired 855 gold pieces
  6493 | D:6      | Acquired 941 gold pieces
  6682 | D:7      | Noticed Pikel
  6695 | D:7      | Slain by an ice beast

Illustrated notes

Levels and vault maps discovered:
D:1:      pf_arrival_petrified_forest, layout_basic,
          amcnicky_mini_rare_corridor_liquid, minmay_misc_feat_columns,
          minmay_misc_feat_roman
D:2:      layout_basic
D:3:      layout_basic, grunt_temple_overflow_diamond,
          nicolae_hepliaklqana_hippocampus, gammafunk_ghost_grave,
          dilly_ecumenical_altar_fadedgnrine
D:4:      layout_loops_ring, good_gods_mini_temple,
          minmay_temple_entry_sparse_star, minmay_fountain_box,
          dk_noncrumbling_4, nrook_mini_backslash
D:5:      layout_cave_pools, gammafunk_ghost_necromancy, uniq_grinder,
          uniq_sigmund
D:6:      minmay_angry_zag, layout_basic, uniq_duvessa, uniq_crazy_yiuf_cottage
D:7:      layout_basic, hangedman_abyss_or_decor_passed, solitary_fountain,
          nicolae_take_the_stairs, uniq_pikel
Temple:   minmay_freezing_vapour_temple

Skill      XL: |  1  2  3  4  5  6  7  8  9 |
---------------+----------------------------+-----
Axes           | 3 4 6 7 |  7.5
Dodging        | 3 4 5 |  5.0
Armour         | 1 2 3 4 |  4.0
Shields        | 1 2 3 4 |  4.0
Fighting       | 3 4 |  4.4
Stealth        | 1 2 |  2.2
Throwing       | |  1.8

Action                   |  1- 3 |  4- 6 |  7- 9 || total
-------------------------+-------+-------+-------++-------
Melee: War axe           |    98 |    63 |   269 ||   430
       Punch             |     1 |       |       ||     1
  Use: Scroll            |       |     4 |     6 ||    10
       Potion            |       |     5 |     7 ||    12
 Stab: Sleeping          |     3 |       |       ||     3
       Invisible         |       |       |     4 ||     4
       Distracted        |       |       |     1 ||     1
Armor: Leather armour    |    37 |    36 |     8 ||    81
       Ring mail         |       |       |   132 ||   132
Dodge: Dodged            |    56 |    37 |   122 ||   215
Block: Kite shield       |    35 |    47 |   151 ||   233

Table legend: (Time is in decaauts)
 A = Elapsed time spent in this place.
 B = Non-inter-level travel time spent in this place.
 C = Inter-level travel time spent in this place.
 D = Time resting spent in this place.
 E = Time spent auto-exploring this place.
 F = Levels seen in this place.
 G = Mean time per level.
                   A        B        C        D        E       F      G
               +--------+--------+--------+--------+--------+-----+--------+
         Total |   6867 |   6392 |    475 |    100 |   5125 |   8 |  858.4 |
       Dungeon |   6845 |   6370 |    475 |    100 |   5114 |   7 |  977.9 |
        Temple |     22 |     22 |      0 |      0 |     11 |   1 |   22.0 |
               +--------+--------+--------+--------+--------+-----+--------+

Top non-repeatable levels by time:
     D:3: 1523 daAuts
     D:6: 1358 daAuts
     D:2: 1160 daAuts
     D:4: 1112 daAuts
     D:1: 829 daAuts
     D:5: 651 daAuts
     D:7: 209 daAuts
  Temple: 22 daAuts
